 Dungeon Crawl Stone Soup version 0.31-a0-151-ge443d1f16c (webtiles) character file.

Game seed: 297746221028623421

226 qw the Shooter (level 5, -9/46 HPs)
             Began as a Minotaur Hunter on June 8, 2023.
             Killed by divine providence
             ... invoked by an orc priest
              (16 damage)
             ... on level 3 of the Dungeon.
             The game lasted 00:00:45 (1788 turns).

qw the Shooter (Minotaur Hunter)                    Turns: 1788, Time: 00:00:46

Health: -9/46      AC:  5    Str: 15    XL:     5   Next: 69%
Magic:  4/4        EV: 11    Int:  6    God:
Gold:   74         SH:  0    Dex: 16    Spells: 4/4 levels left

rFire   . . .        Y - +0 shortbow (heavy)
rCold   . . .        (shield currently unavailable)
rNeg    . . .        f - +0 ring mail
rPois   .            (helmet restricted)
rElec   .            (no cloak)
rCorr   .            (no gloves)
SInv    .            (no boots)
Will    .....        (no amulet)
Stlth   +            (no ring)
HPRegen 0.27/turn    (no ring)
MPRegen 0.09/turn

%: no passive effects
@: no status effects
A: horns 2, retaliatory headbutt
a: no special abilities


You were on level 3 of the Dungeon.
You visited 1 branch of the dungeon, and saw 3 of its levels.

You collected 110 gold pieces.
You spent 36 gold pieces at shops.


Innate Abilities, Weirdness & Mutations

You have a pair of horns on your head.
You reflexively headbutt those who attack you in melee.


   Skills:
 - Level 4.0 Fighting
 + Level 6.9 Ranged Weapons
 - Level 1.2 Armour
 - Level 2.1 Dodging
 - Level 0.7 Stealth


You had 4 spell levels left.
You didn't know any spells.
Your spell library was empty.

Inventory:

Hand Weapons
 Y - a +0 heavy shortbow (weapon)
Armour
 b - the +0 ring mail "Zynadug" {+Blink +Inv Will- Dex+6}
   (You found it on level 3 of the Dungeon)

   Dex:       It affects your dexterity (+6).
   +Inv:      It lets you turn invisible.
   +Blink:    It lets you blink.
   Will:      It decreases your willpower.
 f - a +0 ring mail (worn)
Potions
 a - a potion of curing {unknown}

Dungeon Overview and Level Annotations

Branches:
Dungeon (3/15)

Altars:
Gozag

Shops:
D:1 *


Message History

You shoot an arrow.
The arrow closely misses the orc wizard.
The arrow hits the orc priest!
The orc priest is heavily wounded.
The orc wizard gestures at you while chanting.
The magic dart hits you.
The orc priest mumbles some strange prayers to Beogh against you.
Beogh smites you!
You shoot an arrow. The arrow barely misses the orc wizard.
The arrow barely misses the orc priest.
The arrow hits the orc.
The orc is heavily wounded.
The orc wizard hits you but does no damage. x2
You shoot an arrow. The arrow hits the orc wizard!
The orc wizard is heavily wounded.
The orc priest calls down the wrath of Beogh upon you.
Beogh smites you! The orc wizard barely misses you. You furiously retaliate!
You headbutt the orc wizard.
The orc wizard gestures at you while chanting.
You resist with some effort.
You shoot an arrow.
The arrow closely misses the orc wizard.
The arrow hits the orc priest.
The orc priest is almost dead.
The orc wizard hits you but does no damage.
You shoot an arrow. The arrow misses the orc wizard.
The arrow barely misses the orc priest.
The orc priest calls upon Beogh to heal the orc wizard.
The orc wizard is healed somewhat.
The orc wizard hits you with a +0 dagger.
The orc wizard completely misses you.
You shoot an arrow. The arrow hits the orc wizard!
You kill the orc wizard!
The orc priest invokes the aid of Beogh against you.
You barely resist. You shoot an arrow.
The arrow closely misses the orc priest.
The arrow barely misses the orc.
The orc priest mumbles some strange prayers to Beogh against you.
Beogh smites you!
You die...

.. #. # #. ######## ###
#.##. #......# $.$## #
.....####.###.##.8.8$#
#...##.###.@oo%.$_#
###.##.........###.8$8$#
<...##...##.##.# $$.##
#######.###.##.# ### #.#
#.... #.####### #....#
########.####
#...........###


You could see an orc priest and an orc.

Vanquished Creatures
  A hound (D:3)
  Jessica (D:2)
  2 orc wizards (D:3)
  Robin (D:2)
  2 adders (D:2)
  4 dart slugs
  2 worms (D:2)
  6 orcs (D:3)
  7 ball pythons
  4 bats
  4 endoplasms
  12 goblins
  10 hobgoblins
  6 kobolds
  2 quokkas
  6 frilled lizards
  3 rats
73 creatures vanquished.

Notes
Turn   | Place    | Note
-------+----------+-------------------------------------------
     0 | D:1      | qw the Minotaur Hunter began the quest for the Orb.
     0 | D:1      | Reached XP level 1. HP: 18/18 MP: 0/0
     0 | D:1      | 0 ||| qw: Version: 0.2-a-120-gdf1a93b
     0 | D:1      | 0 ||| qw: Game counter: 3045
     0 | D:1      | 0 ||| qw: Always use a shield: true
     0 | D:1      | 0 ||| qw: God list: Okawaru
     0 | D:1      | 0 ||| qw: Allow faded altars: false
     0 | D:1      | 0 ||| qw: Do Orc after D:15 true
     0 | D:1      | 0 ||| qw: Do second Lair branch before Depths: true
     0 | D:1      | 0 ||| qw: Lair rune preference: random
     0 | D:1      | 0 ||| qw: Plans: Normal
     0 | D:1      | 0 ||| PLANNING D:1-11
    51 | D:1      | 51 ||| FLEEEEING.
    70 | D:1      | 70 ||| FLEEEEING.
    81 | D:1      | Reached XP level 2. HP: 25/25 MP: 1/1
   132 | D:1      | Reached skill level 5 in Ranged Weapons
   184 | D:1      | Found Hitoq's Assorted Antiques.
   195 | D:1      | 195 ||| SHOPLISTING flickering pewter ring (90 gold, have
                  | 39).
   195 | D:1      | 195 ||| SHOPLISTING glowing shortbow (108 gold, have 39).
   195 | D:1      | 195 ||| SHOPLISTING golden ring (90 gold, have 39).
   195 | D:1      | 195 ||| BUYING scroll labelled BUOFUO JEMAUV (18 gold).
   195 | D:1      | Bought a scroll labelled BUOFUO JEMAUV for 18 gold pieces
   195 | D:1      | 195 ||| BUYING scroll labelled HUXAGR KUVYEZE (18 gold).
   195 | D:1      | Bought a scroll labelled HUXAGR KUVYEZE for 18 gold pieces
   195 | D:1      | 195 ||| SHOPLISTING scroll labelled KOISED RUSUADGH (18
                  | gold, have 3).
   195 | D:1      | 195 ||| SHOPLISTING scroll labelled MIXKIFI SOSEFO (18
                  | gold, have 3).
   195 | D:1      | 195 ||| SHOPLISTING smoky inky potion (16 gold, have 3).
   350 | D:1      | 350 ||| Stepping ~*~*~tactically~*~*~ (outnumbered).
   352 | D:1      | Reached skill level 3 in Fighting
   601 | D:1      | Reached XP level 3. HP: 31/31 MP: 2/2
   695 | D:1      | Found a faded altar of an unknown god.
   739 | D:1      | 739 ||| UPGRADING to +0 ring mail.
   749 | D:1      | 749 ||| DROPPING +0 leather armour.
   750 | D:1      | 750 ||| READING scroll labelled BUOFUO JEMAUV.
   751 | D:1      | 751 ||| READING scroll labelled HUXAGR KUVYEZE.
   752 | D:1      | 752 ||| READING scroll labelled MAAREA MISAAJ.
   753 | D:1      | 753 ||| READING scroll labelled AGRIUSOWUO.
   754 | D:1      | 754 ||| DROPPING scroll of butterflies.
   796 | D:2      | 796 ||| STAIRDANCE
   820 | D:2      | Reached skill level 1 in Armour
   820 | D:2      | 820 ||| STAIRDANCE
   871 | D:2      | Found an opulent altar of Gozag.
  1092 | D:2      | Noticed Jessica
  1093 | D:2      | Killed Jessica
  1094 | D:2      | Reached XP level 4. HP: 38/38 MP: 3/3
  1121 | D:2      | Reached skill level 6 in Ranged Weapons
  1342 | D:2      | Noticed Robin
  1352 | D:2      | Killed Robin
  1552 | D:2      | 1552 ||| READING scroll labelled VAMOAFF YZEU.
  1625 | D:3      | Reached XP level 5. HP: 46/46 MP: 4/4
  1672 | D:3      | 1672 ||| FLEEEEING.
  1673 | D:3      | 1673 ||| FLEEEEING.
  1674 | D:3      | 1674 ||| FLEEEEING.
  1675 | D:3      | 1675 ||| FLEEEEING.
  1676 | D:3      | 1676 ||| FLEEEEING.
  1677 | D:3      | 1677 ||| FLEEEEING.
  1678 | D:3      | 1678 ||| FLEEEEING.
  1679 | D:3      | 1679 ||| FLEEEEING.
  1680 | D:3      | 1680 ||| FLEEEEING.
  1681 | D:3      | 1681 ||| STAIRDANCE
  1758 | D:3      | Identified the +0 ring mail "Zynadug" {+Blink +Inv Will-
                  | Dex+6}
  1784 | D:3      | HP: 6/46 [orc priest/divine providence (16)]
  1788 | D:3      | Killed from afar by an orc priest

Levels and vault maps discovered:
D:1:      tarquinn_simple_flora_water_a, layout_loops_ring,
          hellmonk_ecumenical_altar_blasted, serial_shops,
          nicolae_lakefront_shop
D:2:      layout_loops_cross, basic_altar, grunt_ministairs_15,
          amcnicky_mini_rare_corridor_liquid, uniq_robin, uniq_jessica
D:3:      layout_loops_cross, mainiacjoe_overflow_alcove_2,
          kennysheep_orc_chapel

Skill      XL: |  1  2  3  4 |
---------------+-------------+-----
Ranged Weapons | 5 6 |  6.9
Fighting       | 3 4 |  4.0
Armour         | 1 |  1.2
Dodging        | |  2.1
Stealth        | |  0.7

Action                     |  1- 3 |  4- 6 || total
---------------------------+-------+-------++-------
   Fire: Shortbow          |    88 |    73 ||   161
    Use: Scroll            |     4 |     1 ||     5
 Armour: Leather armour    |     4 |       ||     4
         Ring mail         |     6 |    17 ||    23
  Dodge: Dodged            |    25 |    39 ||    64

Table legend:
 A = Non-vault XP
 B = Vault XP
 C = Vault XP percentage of total XP
 D = Non-vault monster count
 E = Vault monster count
 F = Vault count percentage of total count
                 A         B        C        D         E       F
            +---------+---------+-------+---------+---------+-------
      Total |     214 |     109 |  33.7 |      56 |      17 |  23.3
            +---------+---------+-------+---------+---------+-------
        D:1 |      47 |       0 |   0.0 |      25 |       0 |   0.0
        D:2 |      51 |      76 |  59.8 |      13 |      16 |  55.2
        D:3 |     116 |      33 |  22.1 |      18 |       1 |   5.3
            +---------+---------+-------+---------+---------+-------
